3A
BELLEVILLE BULLS @ ATHLETIC CLUB KC U-24
07/29/2038
 
TOP OF THE 1ST
Belleville Bulls batting - Pitching for Athletic Club KC U-24 : LHP Ian Airy
Pitching: LHP Ian Airy
Batting: SHB Aristotle Auer 0-0: Ball
1-0: Called Strike
1-1: SINGLE (Groundball, 6D, EV 97.5 MPH)
Batting: RHB Tom Rowland 0-0: Foul Ball, location: 2F
0-1: Ground out U3 (Groundball, 34S, EV 67.5 MPH)
Aristotle Auer to second
Batting: RHB Amor Campos 0-0: Ball
1-0: Ball
2-0: Ball
3-0: Called Strike
3-1: Base on Balls
Batting: RHB Imbart Baars 0-0: Called Strike
Amor Campos is caught stealing 2nd base 2-4
Aristotle Auer steals 3rd base
0-1: Fly out, F9 (Flyball, 9S, EV 88.1 MPH)
Top of the 1st over - 0 runs, 1 hit, 0 errors, 1 left on base; Belleville 0 - Athletic Club KC 0
BOTTOM OF THE 1ST
Athletic Club KC U-24 batting - Pitching for Belleville Bulls : RHP Ernest Brock
Pitching: RHP Ernest Brock
Batting: LHB César Valtez 0-0: Swinging Strike
0-1: Foul Ball, location: 2F
0-2: Foul Ball, location: 2F
0-2: Ground out 4-3 (Groundball, 4, EV 81.9 MPH)
Batting: RHB Luis Santana 0-0: Ball
1-0: Reached on error, E6 (Groundball, 6, EV 83.1 MPH)
Batting: SHB Howard Carpentier 0-0: Fly out, F9 (Flyball, 9S, EV 73.8 MPH)
Batting: RHB Guillermo Alessandrini 0-0: Called Strike
0-1: Ball
1-1: Foul Ball, location: 2F
1-2: Foul Ball, location: 2F
1-2: Foul Ball, location: 2F
1-2: Strikes out looking
Bottom of the 1st over - 0 runs, 0 hits, 1 error, 1 left on base; Belleville 0 - Athletic Club KC 0
TOP OF THE 2ND
Belleville Bulls batting - Pitching for Athletic Club KC U-24 : LHP Ian Airy
Batting: RHB Spencer Wiggins 0-0: Ball
1-0: SOLO HOME RUN (Flyball, 89XD, EV 101.2 MPH), Distance : 410 ft
Batting: RHB Sean Urien 0-0: Ball
1-0: SOLO HOME RUN (Flyball, 7LD, EV 103.8 MPH), Distance : 340 ft
Batting: RHB Han Spoelstra 0-0: Ball
1-0: Ball
2-0: Foul Ball, location: 2F
2-1: Ground out 5-3 (Groundball, 56, EV 88.8 MPH)
Batting: LHB Travis Ladd 0-0: Called Strike
0-1: SINGLE (Groundball, 6MD, EV 105.0 MPH)
Batting: RHB Conan Porter 0-0: Ball
1-0: Ball
2-0: Called Strike
2-1: Foul Ball, location: 2F
2-2: Ball
3-2: SINGLE (Flyball, 8RS, EV 98.8 MPH)
Travis Ladd to second
Runner from 2nd tries for 3rd, SAFE, no throw by CF
Batting: SHB Aristotle Auer 0-0: Ball
1-0: Called Strike
1-1: Ball
2-1: Grounds into double play, 4-6-3 (Groundball, 34, EV 87.5 MPH)
Top of the 2nd over - 2 runs, 4 hits, 0 errors, 1 left on base; Belleville 2 - Athletic Club KC 0
BOTTOM OF THE 2ND
Athletic Club KC U-24 batting - Pitching for Belleville Bulls : RHP Ernest Brock
Batting: SHB Noel Lancaster 0-0: Ball
1-0: Ball
2-0: Fly out, F8 (Flyball, 8LS, EV 96.9 MPH)
Batting: RHB Marcos Quintana 0-0: Ball
1-0: DOUBLE (Flyball, 8LXD, EV 93.1 MPH)
Batting: LHB Juan Romero 0-0: Ball
1-0: Ball
2-0: Called Strike
2-1: Ball
3-1: Fly out, F6 (Popup, 6, EV 67.5 MPH)
Batting: RHB Shou-xin Quian 0-0: Ball
1-0: Ball
2-0: Called Strike
2-1: Ball
3-1: Foul Ball, location: 2F
3-2: Foul Ball, location: 2F
3-2: Foul Ball, location: 2F
3-2: Fly out, F9 (Flyball, 9LD, EV 100.6 MPH)
Bottom of the 2nd over - 0 runs, 1 hit, 0 errors, 1 left on base; Belleville 2 - Athletic Club KC 0
TOP OF THE 3RD
Belleville Bulls batting - Pitching for Athletic Club KC U-24 : LHP Ian Airy
Batting: RHB Tom Rowland 0-0: Called Strike
0-1: Ball
1-1: Called Strike
1-2: Strikes out swinging
Batting: RHB Amor Campos 0-0: Ball
1-0: Ball
2-0: Called Strike
2-1: Ball
3-1: Base on Balls
Batting: RHB Imbart Baars 0-0: 2-RUN HOME RUN (Flyball, 78XD, EV 86.9 MPH), Distance : 429 ft
Batting: RHB Spencer Wiggins 0-0: Ball
1-0: Swinging Strike
1-1: Swinging Strike
1-2: Strikes out looking
Batting: RHB Sean Urien 0-0: Foul Ball, location: 2F
0-1: Swinging Strike
0-2: Fly out, F8 (Flyball, 8LS, EV 89.4 MPH)
Top of the 3rd over - 2 runs, 1 hit, 0 errors, 0 left on base; Belleville 4 - Athletic Club KC 0
BOTTOM OF THE 3RD
Athletic Club KC U-24 batting - Pitching for Belleville Bulls : RHP Ernest Brock
Batting: RHB Makalani Kaiya 0-0: SINGLE (Groundball, 6D, EV 97.5 MPH)
Batting: LHB César Valtez 0-0: Called Strike
0-1: DOUBLE (Groundball, 3L, EV 101.2 MPH)
Makalani Kaiya to third
Batting: RHB Luis Santana 0-0: Called Strike
0-1: Foul Ball, location: 2F
0-2: Ball
1-2: Foul Ball, location: 2F
1-2: Foul Ball, location: 2F
1-2: Ball
2-2: Ball
3-2: SINGLE (Groundball, 6, EV 87.5 MPH) (infield hit)
Makalani Kaiya scores
César Valtez to third
Batting: SHB Howard Carpentier 0-0: Foul Ball, location: 2F
0-1: Called Strike
0-2: Hit by Pitch
Luis Santana to second
Batting: RHB Guillermo Alessandrini 0-0: Ball
1-0: Ball
2-0: Ball
3-0: Base on Balls
César Valtez scores
Luis Santana to third
Howard Carpentier to second
Batting: SHB Noel Lancaster 0-0: Ball
1-0: Ball
2-0: Ball
3-0: Called Strike
3-1: Called Strike
3-2: Grounds into double play, 4-6-3 (Groundball, 4, EV 98.8 MPH)
Luis Santana scores
Howard Carpentier to third
Batting: RHB Marcos Quintana 0-0: Ball
1-0: Called Strike
1-1: SINGLE (Groundball, 13S, EV 70.0 MPH) (infield hit)
Howard Carpentier scores
Batting: LHB Juan Romero 0-0: Ball
1-0: Ball
2-0: Fly out, F8 (Flyball, 8RD, EV 94.4 MPH)
Bottom of the 3rd over - 4 runs, 4 hits, 0 errors, 1 left on base; Belleville 4 - Athletic Club KC 4
TOP OF THE 4TH
Belleville Bulls batting - Pitching for Athletic Club KC U-24 : LHP Ian Airy
Batting: RHB Han Spoelstra 0-0: Ball
1-0: Swinging Strike
1-1: Called Strike
1-2: Strikes out swinging
Batting: LHB Travis Ladd 0-0: Ground out 4-3 (Groundball, 4S, EV 63.8 MPH)
Batting: RHB Conan Porter 0-0: Ball
1-0: Ball
2-0: Ball
3-0: Called Strike
3-1: Base on Balls
Batting: SHB Aristotle Auer 0-0: Ball
1-0: Ball
2-0: Ball
3-0: Called Strike
3-1: Fielders Choice at 2nd, 6-4 (Groundball, 6, EV 92.5 MPH)
Top of the 4th over - 0 runs, 0 hits, 0 errors, 1 left on base; Belleville 4 - Athletic Club KC 4
BOTTOM OF THE 4TH
Athletic Club KC U-24 batting - Pitching for Belleville Bulls : RHP Ernest Brock
Batting: RHB Shou-xin Quian 0-0: Swinging Strike
0-1: Called Strike
0-2: Ball
1-2: Ball
2-2: Ground out 6-3 (Groundball, 6, EV 87.5 MPH)
Batting: RHB Makalani Kaiya 0-0: Ball
1-0: Fly out, F8 (Flyball, 89D, EV 98.8 MPH)
Batting: LHB César Valtez 0-0: Ball
1-0: Ground out 6-3 (Groundball, 6S, EV 90.0 MPH)
Bottom of the 4th over - 0 runs, 0 hits, 0 errors, 0 left on base; Belleville 4 - Athletic Club KC 4
TOP OF THE 5TH
Belleville Bulls batting - Pitching for Athletic Club KC U-24 : LHP Ian Airy
Batting: RHB Tom Rowland 0-0: Called Strike
0-1: Ball
1-1: Ball
2-1: Foul Ball, location: 2F
2-2: Foul Ball, location: 2F
2-2: Fly out, F2 (Popup, 23F, EV 83.8 MPH)
Batting: RHB Amor Campos 0-0: Ball
1-0: Ball
2-0: Called Strike
2-1: Ball
3-1: Base on Balls
Batting: RHB Imbart Baars 0-0: Ball
1-0: Called Strike
1-1: Ball
2-1: Foul Ball, location: 2F
2-2: Fly out, F8 (Flyball, 8RS, EV 73.1 MPH)
Batting: RHB Spencer Wiggins 0-0: Ball
1-0: Ball
2-0: Foul Ball, location: 2F
2-1: Fly out, F4 (Popup, 34D, EV 53.1 MPH)
Top of the 5th over - 0 runs, 0 hits, 0 errors, 1 left on base; Belleville 4 - Athletic Club KC 4
BOTTOM OF THE 5TH
Athletic Club KC U-24 batting - Pitching for Belleville Bulls : RHP Ernest Brock
Batting: RHB Luis Santana 0-0: SINGLE (Flyball, 9LM, EV 93.1 MPH)
Batting: SHB Howard Carpentier 0-0: Ball
1-0: Ball
2-0: 2-RUN HOME RUN (Flyball, 9D, EV 98.8 MPH), Distance : 373 ft
Pitching: RHP Li-zhu Koo
Batting: RHB Guillermo Alessandrini 0-0: Ball
1-0: Ball
2-0: Called Strike
2-1: Called Strike
2-2: Foul Ball, location: 2F
2-2: Ball
3-2: Foul Ball, location: 2F
3-2: Ground out 5-3 (Groundball, 56, EV 98.8 MPH)
Batting: SHB Noel Lancaster 0-0: Ball
1-0: Ball
2-0: Ball
3-0: Base on Balls
Batting: RHB Marcos Quintana 0-0: Foul Ball, location: 2F
0-1: Ball
1-1: Swinging Strike
1-2: Strikes out looking
Batting: LHB Juan Romero 0-0: Called Strike
0-1: Ball
1-1: Swinging Strike
1-2: SINGLE (Groundball, 34D, EV 97.5 MPH)
Noel Lancaster to second
Noel Lancaster to third
Batting: RHB Shou-xin Quian 0-0: Ball
1-0: Ball
2-0: SINGLE (Groundball, 6S, EV 81.2 MPH) (infield hit)
Noel Lancaster scores
Juan Romero to second
Batting: RHB Makalani Kaiya 0-0: DOUBLE (Line Drive, 89M, EV 89.4 MPH)
Juan Romero scores
Shou-xin Quian to third
Batting: LHB César Valtez 0-0: DOUBLE (Line Drive, 8RD, EV 108.8 MPH)
Shou-xin Quian scores
Makalani Kaiya scores
Pitching: LHP Neyo Eniquez
Batting: RHB Luis Santana 0-0: Ball
1-0: Foul Ball, location: 2F
1-1: Ball
2-1: Foul Ball, location: 2F
2-2: Ball
3-2: Foul Ball, location: 2F
3-2: Fly out, F8 (Flyball, 8RD, EV 88.8 MPH)
Bottom of the 5th over - 6 runs, 6 hits, 0 errors, 1 left on base; Belleville 4 - Athletic Club KC 10
TOP OF THE 6TH
Belleville Bulls batting - Pitching for Athletic Club KC U-24 : LHP Ian Airy
Batting: RHB Sean Urien 0-0: Ball
1-0: Called Strike
1-1: Foul Ball, location: 2F
1-2: Ball
2-2: SINGLE (Flyball, 78M, EV 82.5 MPH) - OUT at second base trying to stretch hit.
Batting: RHB Han Spoelstra 0-0: Ball
1-0: Ball
2-0: Called Strike
2-1: Ball
3-1: Called Strike
3-2: Strikes out looking
Batting: LHB Travis Ladd 0-0: Ball
1-0: Foul Ball, location: 2F
1-1: Foul Ball, location: 2F
1-2: Ground out 4-3 (Groundball, 34, EV 111.2 MPH)
Top of the 6th over - 0 runs, 1 hit, 0 errors, 0 left on base; Belleville 4 - Athletic Club KC 10
BOTTOM OF THE 6TH
Athletic Club KC U-24 batting - Pitching for Belleville Bulls : LHP Neyo Eniquez
Batting: SHB Howard Carpentier 0-0: Ball
1-0: Foul Ball, location: 2F
1-1: Fly out, F9 (Flyball, 9S, EV 96.9 MPH)
Batting: RHB Guillermo Alessandrini 0-0: Ball
1-0: SINGLE (Line Drive, 34, EV 108.1 MPH)
Batting: SHB Noel Lancaster 0-0: Foul Ball, location: 2F
0-1: Ball
1-1: Ball
2-1: Ball
3-1: Base on Balls
Guillermo Alessandrini to second
Batting: RHB Marcos Quintana 0-0: Ball
1-0: Ball
2-0: Foul Ball, location: 2F
2-1: Foul Ball, location: 2F
2-2: Ball
3-2: Foul Ball, location: 2F
3-2: Foul Ball, location: 2F
3-2: Fly out, F6 (Line Drive, 6, EV 73.8 MPH)
Batting: LHB Juan Romero 0-0: Ball
1-0: Swinging Strike
1-1: Ball
2-1: Ground out 4-3 (Groundball, 34D, EV 101.2 MPH)
Bottom of the 6th over - 0 runs, 1 hit, 0 errors, 2 left on base; Belleville 4 - Athletic Club KC 10
TOP OF THE 7TH
Belleville Bulls batting - Pitching for Athletic Club KC U-24 : LHP Ian Airy
Batting: RHB Conan Porter 0-0: Ground out 6-3 (Groundball, 6, EV 90.0 MPH)
Batting: SHB Aristotle Auer 0-0: Ball
1-0: Called Strike
1-1: Fly out, F2 (Popup, 23F, EV 81.2 MPH)
Batting: RHB Tom Rowland 0-0: Ball
1-0: Called Strike
1-1: Reached on error, E6 (Groundball, 56, EV 80.0 MPH)
Batting: RHB Amor Campos 0-0: Foul Ball, location: 2F
0-1: Fly out, F9 (Flyball, 9, EV 85.6 MPH)
Top of the 7th over - 0 runs, 0 hits, 1 error, 1 left on base; Belleville 4 - Athletic Club KC 10
BOTTOM OF THE 7TH
Athletic Club KC U-24 batting - Pitching for Belleville Bulls : LHP Neyo Eniquez
Batting: RHB Shou-xin Quian 0-0: Called Strike
0-1: Foul Ball, location: 2F
0-2: Ball
1-2: Ball
2-2: SINGLE (Groundball, 6MD, EV 99.4 MPH)
Batting: RHB Makalani Kaiya 0-0: Foul Ball, location: 2F
0-1: Grounds into double play, 5-4-3 (Groundball, 5, EV 82.5 MPH)
Batting: LHB César Valtez 0-0: Called Strike
0-1: Foul Ball, location: 2F
0-2: Foul Ball, location: 2F
0-2: Ball
1-2: Foul Ball, location: 2F
1-2: Ball
2-2: Foul Ball, location: 2F
2-2: Ball
3-2: Fly out, F9 (Flyball, 9, EV 94.4 MPH)
Bottom of the 7th over - 0 runs, 1 hit, 0 errors, 0 left on base; Belleville 4 - Athletic Club KC 10
TOP OF THE 8TH
Belleville Bulls batting - Pitching for Athletic Club KC U-24 : LHP Ian Airy
Batting: RHB Imbart Baars 0-0: Ball
1-0: Foul Ball, location: 2F
1-1: Foul Ball, location: 2F
1-2: Foul Ball, location: 2F
1-2: Strikes out looking
Batting: RHB Spencer Wiggins 0-0: SINGLE (Groundball, 56D, EV 102.5 MPH)
Pitching: RHP Román Rosales
Batting: RHB Sean Urien 0-0: Ball
1-0: Foul Ball, location: 2F
1-1: Ball
2-1: Foul Ball, location: 2F
2-2: Ball
3-2: Fly out, F8 (Line Drive, 8LM, EV 102.5 MPH)
Batting: RHB Han Spoelstra 0-0: Ball
1-0: Fly out, F9 (Flyball, 9, EV 75.6 MPH)
Top of the 8th over - 0 runs, 1 hit, 0 errors, 1 left on base; Belleville 4 - Athletic Club KC 10
BOTTOM OF THE 8TH
Athletic Club KC U-24 batting - Pitching for Belleville Bulls : LHP Neyo Eniquez
Batting: RHB Luis Santana 0-0: Ball
1-0: Swinging Strike
1-1: Foul Ball, location: 2F
1-2: Ball
2-2: Foul Ball, location: 2F
2-2: Strikes out swinging
Batting: SHB Howard Carpentier 0-0: Ball
1-0: Foul Ball, location: 2F
1-1: Ball
2-1: Ball
3-1: Base on Balls
Pitching: RHP Doug Burton
Batting: RHB Guillermo Alessandrini 0-0: Ball
1-0: Foul Ball, location: 2F
1-1: Swinging Strike
1-2: Strikes out swinging
Batting: SHB Noel Lancaster 0-0: Ball
1-0: Called Strike
1-1: Ball
2-1: Ball
3-1: Foul Ball, location: 2F
3-2: Foul Ball, location: 2F
3-2: Foul Ball, location: 2F
3-2: Foul Ball, location: 2F
3-2: SINGLE (Groundball, 34, EV 108.1 MPH)
Howard Carpentier to second
Howard Carpentier to third
Batting: RHB Marcos Quintana 0-0: Called Strike
0-1: Ball
1-1: Called Strike
1-2: Strikes out swinging
Bottom of the 8th over - 0 runs, 1 hit, 0 errors, 2 left on base; Belleville 4 - Athletic Club KC 10
TOP OF THE 9TH
Belleville Bulls batting - Pitching for Athletic Club KC U-24 : RHP Román Rosales
Batting: LHB Travis Ladd 0-0: Called Strike
0-1: Ball
1-1: Ball
2-1: Ball
3-1: Ground out U3 (Groundball, 3, EV 88.1 MPH)
Batting: RHB Conan Porter 0-0: Ball
1-0: Swinging Strike
1-1: Ball
2-1: Foul Ball, location: 2F
2-2: Foul Ball, location: 2F
2-2: Strikes out looking
Batting: SHB Aristotle Auer 0-0: Foul Ball, location: 2F
0-1: Swinging Strike
0-2: Ball
1-2: Strikes out swinging
Top of the 9th over - 0 runs, 0 hits, 0 errors, 0 left on base; Belleville 4 - Athletic Club KC 10
Friday, April 17th, 2020 - OOTP Baseball 20.8 Build 74